 Dungeon Crawl Stone Soup version 0.32-a0-597-g8e3e136d6a (webtiles) character file.

Game seed: 4384770859477596747

4494 dolemite99 the Conjurer (level 10, -9/74 HPs)
             Began as a Coglin Conjurer on Mar 2, 2024.
             Was a Priest of Makhleb.
             Mangled by a vampire (10 damage)
             ... on level 9 of the Dungeon.
             The game lasted 00:18:10 (19005 turns).

dolemite99 the Conjurer (Coglin Conjurer)          Turns: 19005, Time: 00:18:11

Health: -9/74      AC:  6    Str:  8    XL:     10   Next: 38%
Magic:  5/13       EV: 12    Int: 22    God:    Makhleb [***...]
Gold:   414        SH:  0    Dex: 12    Spells: 4/13 levels left

rFire   . . .        k - +3 dagger (venom) {Gladwin}
rCold   . . .        c - +0 short sword (speed) {Nimrit}
rNeg    . . .        v - +0 steam dragon scales
rPois   .            (no helmet)
rElec   .            (no cloak)
rCorr   .            r - +0 pair of gloves
SInv    .            (no boots)
Will    .....        (amulet unavailable)
Stlth   ++           (ring unavailable)
HPRegen 0.32/turn    (ring unavailable)
MPRegen 0.13/turn    (no gizmo)

%: no passive effects
@: lethally poisoned (-9 -> -11), very slightly contaminated
A: off-hand wielding, slow wielding, warmup strikes, no jewellery
a: Invent Gizmo, Renounce Religion, Minor Destruction, Lesser Servant of Makhleb


You were on level 9 of the Dungeon.
You worshipped Makhleb.
Makhleb was most pleased with you.
You visited 1 branch of the dungeon, and saw 9 of its levels.

You collected 414 gold pieces.

Inventory:

Hand Weapons
 c - a +0 short sword of speed (offhand) {Nimrit}
 d - a +0 short sword {Lucía}
 i - a +0 rapier {Ishleen}
 k - a +3 dagger of venom (weapon) {Gladwin}
 o - a +1 mace of protection
 w - a +0 scimitar of freezing
 x - a +2 spear of venom
Missiles
 h - 11 boomerangs
 t - 10 poisoned darts
Armour
 a - a +0 robe
 r - a +0 pair of gloves (worn)
 v - +0 steam dragon scales (worn)
 B - a +2 hat
Magical Staves
 g - a staff of alchemy {Kazuki}
Wands
 p - a wand of charming (5)
Scrolls
 e - a scroll of teleportation
 j - a scroll of enchant weapon {unknown}
 l - a scroll of noise
 s - 4 scrolls of identify {@r1}
 y - a scroll of immolation
 z - a scroll of amnesia
 A - a scroll of fear
Potions
 b - a potion of lignification
 f - a potion of cancellation
 m - a potion of ambrosia
 n - a potion of might
 q - 2 potions of curing
 u - a potion of attraction


   Skills:
 - Level 5.0 Fighting
 - Level 4.5 Short Blades
 - Level 3.3 Dodging
 - Level 1.5 Stealth
 - Level 2.0 Spellcasting
 - Level 7.0 Conjurations
 - Level 6.2 Air Magic
 + Level 6.8 Alchemy
 + Level 3.8 Invocations


You had 4 spell levels left.
You knew the following spells:

 Your Spells              Type           Power      Damage    Failure   Level
a - Searing Ray           Conj           66%        2d6       1%          2
b - Mephitic Cloud        Conj/Alch/Air  31%        N/A       2%          3
c - Fulminant Prism       Conj/Alch      16%        3d10      8%          4

Your spell library contained the following spells:

 Spells                   Type           Power      Damage    Failure   Level
 Magic Dart               Conj           100%       1d8       1%          1
 Static Discharge         Conj/Air       62%        3-6/arc   1%          2
 Dazzling Flash           Conj/Hex       34%        N/A       10%         3
 Lesser Beckoning         Tloc           4%         N/A       21%         2
 Iskenderun's Mystic Bla  Conj/Tloc      17%        2d5       32%         4
 Vhi's Electric Charge    Tloc/Air       30%        N/A       36%         4
 Fugue of the Fallen      Necr           2%         N/A       38%         3
 Gell's Gravitas          Tloc           2%         N/A       38%         3
 Ozocubu's Armour         Ice            2%         N/A       38%         3
 Teleport Other           Tloc           2%         N/A       38%         3
 Manifold Assault         Tloc           2%         N/A       80%         4
 Arcjolt                  Conj/Air       15%        1d25      26%         5
 Silence                  Hex/Air        7%         N/A       71%         5
 Conjure Ball Lightning   Conj/Air       15%        3x3d6     80%         6
 Curse of Agony           Necr           2%         N/A       98%         5
 Death Channel            Necr           1%         N/A       100%        6
 Maxwell's Capacitive Co  Air            14%        ∞         100%        8


Dungeon Overview and Level Annotations

Branches:
Dungeon (9/15)             Temple (0/1) D:5
   Lair: D:8-11         Orc: D:9-12

Altars:
Gozag
Makhleb

Annotations:
D:6 4 runed translucent doors


Innate Abilities, Weirdness & Mutations

You can wield a second weapon in your off-hand.
It takes a long time for you to wield or remove held weapons.
Your first few attacks do less damage.
You cannot equip rings or amulets.


Message History

You miscast Fulminant Prism.
You are very lightly contaminated with residual magic.
Nothing appears to happen.
The centaur shoots an arrow.
The arrow hits you!
The centaur shoots an arrow.
The arrow hits you!
Casting: Fulminant Prism (dangerous; 8% risk of failure)
Confirm with . or Enter, or press ? or * to list all spells.
Aiming: Fulminant Prism (dangerous; 8% risk of failure)
Press: ? - help, Dir - move target You miscast Fulminant Prism.
There is a flash of cinnabar.
You are poisoned.
You feel very sick.
A vampire comes into view.
The centaur shoots an arrow.
The arrow misses you.
You feel very sick.
The centaur shoots an arrow.
The arrow barely misses you.
The vampire mumbles some strange words.
The vampire flickers and vanishes!
Deactivating autopickup; reactivate with Ctrl-A.
The centaur shoots an arrow.
The arrow misses you.
You feel sick.
The centaur unwields a +0 orcbow.
The centaur hits you.
The centaur kicks you but does no damage.
You hit the centaur but do no damage.
You hit the centaur with your +3 dagger of venom.
The centaur is poisoned.
You feel sick. The centaur barely misses you. x2
You feel sick.
The centaur wields a +0 orcbow.
The centaur shoots an arrow.
The arrow hits you!
* * * LOW HITPOINT WARNING * * *
Something hits you but does no damage. Something barely misses you.
You feel sick.
The centaur shoots an arrow.
Something hits you!
* * * LOW HITPOINT WARNING * * *
Something bites you but does no damage.
You feel sick. Something hits you.
* * * LOW HITPOINT WARNING * * *
Something bites you.
* * * LOW HITPOINT WARNING * * *
Something draws strength from your injuries!
There is a stone staircase leading up here.
* * * LOW HITPOINT WARNING * * *
You feel sick.
The centaur shoots an arrow. x2; Something hits you!
You die...

.....#
####.....#
.........#
........#
.......#
#......#
##......#
#@......#
.....#
#<......#
+.....#
#.......#
#.....#
##.c....#
#.....#
#......#
#.....#
#####'##
#.....#
...[
#.....#
.....#
')....#
......#


You could see a centaur (very poisoned).

Vanquished Creatures
  Maggie (D:6)
  Jeremiah (D:6)
  Prince Ribbit (D:7)
  2 wyverns
  Eustachio (D:6)
  A steam dragon (D:6)
  A vampire mosquito (D:6)
  An acid dragon (D:9)
  A water moccasin (D:5)
  A sky beast (D:7)
  2 orc warriors (D:6)
  2 ice beasts (D:6)
  A black bear (D:5)
  3 ogres (D:6)
  A centaur (D:6)
  A phantom (D:6)
  5 bullfrogs
  2 scorpions
  10 killer bees
  A howler monkey (D:6)
  A bombardier beetle (D:5)
  3 jellies
  3 orc priests
  2 hounds
  A sleepcap (D:5)
  5 iguanas
  6 orc wizards
  6 gnolls
  6 adders
  3 white imps
  2 dart slugs
  2 ribbon worms
  18 orcs
  4 endoplasms
  2 giant cockroaches
  4 goblins
  5 hobgoblins
  4 kobolds
  7 quokkas
  4 ball pythons
  6 bats
  4 frilled lizards
  5 rats
142 creatures vanquished.

Vanquished Creatures (collateral kills)
  2 killer bees
  A gnoll bouda (D:7)
  An orc (D:9)
4 creatures vanquished.

Vanquished Creatures (others)
  A steam dragon (D:7)
  2 fulminant prisms
3 creatures vanquished.

Grand Total: 149 creatures vanquished

Notes
Turn   | Place    | Note
-------+----------+-------------------------------------------
     0 | D:1      | dolemite99 the Coglin Conjurer began the quest for the Orb.
     0 | D:1      | Reached XP level 1. HP: 13/13 MP: 3/3
   694 | D:1      | Reached skill level 4 in Conjurations
   694 | D:1      | Reached XP level 2. HP: 6/19 MP: 1/4
   850 | D:1      | Learned a level 2 spell: Searing Ray
  1215 | D:1      | Found a faded altar of an unknown god.
  1241 | D:1      | Prayed at the altar of an unknown god.
  1241 | D:1      | Became a worshipper of Makhleb the Destroyer
  1241 | D:1      | Reached * piety under Makhleb
  2079 | D:2      | Reached XP level 3. HP: 24/24 MP: 0/5
  3264 | D:2      | Reached ** piety under Makhleb
  3417 | D:3      | Reached skill level 5 in Conjurations
  3674 | D:3      | Reached XP level 4. HP: 30/30 MP: 1/6
  4741 | D:3      | Learned a level 4 spell: Fulminant Prism
  5026 | D:4      | Reached skill level 1 in Short Blades
  5315 | D:4      | Reached XP level 5. HP: 35/35 MP: 4/8
  5337 | D:4      | Reached skill level 1 in Alchemy
  6577 | D:4      | Reached XP level 6. HP: 41/41 MP: 6/9
  7357 | D:5      | Entered Level 5 of the Dungeon
  7371 | D:5      | Identified the +0 leather armour "Dala" {Harm +Inv rCorr
                  | Dex-3}
  7376 | D:5      | Noticed a water moccasin
  7382 | D:5      | Killed a water moccasin
  7782 | D:5      | Found a staircase to the Ecumenical Temple.
  7914 | D:5      | Noticed a black bear
  7925 | D:5      | Killed a black bear
  7926 | D:5      | Reached XP level 7. HP: 21/46 MP: 0/10
  9621 | D:6      | Noticed Eustachio
  9860 | D:6      | Reached skill level 5 in Alchemy
 10816 | D:5      | Learned a level 3 spell: Mephitic Cloud
 11029 | D:6      | Noticed Jeremiah
 11031 | D:6      | Noticed Maggie
 11571 | D:6      | Reached skill level 1 in Air Magic
 11860 | D:6      | Reached XP level 8. HP: 48/52 MP: 1/11
 11868 | D:6      | Killed Maggie
 12178 | D:6      | Killed Eustachio
 12274 | D:6      | Found a large runed translucent door.
 12274 | D:6      | Found a large runed translucent door.
 12278 | D:6      | Noticed a troll
 12278 | D:6      | Noticed a wraith
 12351 | D:7      | Reached skill level 5 in Air Magic
 12372 | D:7      | Reached *** piety under Makhleb
 12877 | D:7      | You fall into a shaft and drop 2 floors!
 12905 | D:9      | Noticed a two-headed ogre
 12924 | D:9      | Reached XP level 9. HP: 57/57 MP: 9/12
 12952 | D:8      | Reached skill level 6 in Conjurations
 14202 | D:7      | Found an opulent altar of Gozag.
 14214 | D:7      | Noticed Prince Ribbit
 14233 | D:7      | Killed Prince Ribbit
 14234 | D:7      | Reached skill level 7 in Conjurations
 14234 | D:7      | Reached skill level 1 in Fighting
 14610 | D:6      | Killed Jeremiah
 14621 | D:6      | Reached skill level 5 in Fighting
 15044 | D:6      | Found a large runed translucent door.
 15044 | D:6      | Found a large runed translucent door.
 15413 | D:6      | Got the Enchiridion on the Storm and the End
 15594 | D:6      | Reached XP level 10. HP: 74/74 MP: 2/13
 16214 | D:6      | Reached skill level 1 in Invocations
 19004 | D:9      | HP: 2/74 [something (2)]
 19005 | D:9      | Mangled by a vampire

Illustrated notes

Levels and vault maps discovered:
D:1:      mrwooster_arrival_arrow, layout_loops_ring,
          hellmonk_ecumenical_altar_pennies_from_heaven, serial_forest,
          infiniplex_forest_straight_3, infiniplex_forest_straight_2,
          infiniplex_forest_lined_ring, infiniplex_forest_corner_1,
          infiniplex_forest_straight_4, infiniplex_forest_corner_1,
          infiniplex_forest_straight_4
D:2:      layout_loops_corners, amcnicky_mini_pool_small, minmay_misc_feat_chi
D:3:      layout_loops_ring
D:4:      layout_basic
D:5:      layout_loops_ring, minmay_temple_entry_drinking_statues
D:6:      layout_cave_pools, minmay_hollow_rounded_squares, uniq_jeremiah,
          uniq_maggie, uniq_eustachio
D:7:      layout_gridville, mainiacjoe_overflow_surrounded_room,
          uniq_prince_ribbit1
D:8:      layout_cave_pods
D:9:      layout_gridville, chequers_temple_overflow_statue_of_worship,
          hiddenorc2_lemuel, minmay_fire_ice_demons

Skill      XL: |  1  2  3  4  5  6  7  8  9 10 |
---------------+-------------------------------+-----
Conjurations   | 4 5 7 |  7.0
Spellcasting   | 2 |  2.0
Short Blades   | 1 2 3 4 |  4.5
Alchemy        | 2 4 5 6 |  6.8
Air Magic      | 1 6 |  6.2
Fighting       | 5 |  5.0
Dodging        | 3 |  3.3
Invocations    | 3 |  3.8
Stealth        | |  1.5

Action                     |  1- 3 |  4- 6 |  7- 9 | 10-12 || total
---------------------------+-------+-------+-------+-------++-------
  Melee: Staff             |     5 |     1 |       |       ||     6
         Unarmed           |     3 |       |       |       ||     3
         Short sword       |     2 |    12 |   120 |    23 ||   157
         Rapier            |     1 |       |       |       ||     1
         Dagger            |     1 |    12 |   128 |    23 ||   164
  Throw: Dart              |       |       |     7 |       ||     7
         Throwing net      |       |       |     4 |       ||     4
         Boomerang         |       |       |     6 |       ||     6
   Cast: Magic Dart        |    59 |     5 |       |       ||    64
         Searing Ray       |     9 |    34 |    33 |    17 ||    93
         Mephitic Cloud    |       |       |    23 |     3 ||    26
         Fulminant Prism   |       |       |     1 |     1 ||     2
  Evoke: Wand              |       |       |     2 |     2 ||     4
    Use: Potion            |     1 |       |     3 |     2 ||     6
         Scroll            |     7 |     7 |     2 |     3 ||    19
   Stab: Confused          |       |       |    10 |       ||    10
         Held in net/web   |       |       |     1 |       ||     1
 Armour: Robe              |    38 |    28 |    27 |       ||    93
         Steam dragon scal |       |       |    65 |    70 ||   135
         Skin              |       |       |    13 |       ||    13
  Dodge: Dodged            |    54 |    17 |    75 |    47 ||   193

Table legend: (Time is in decaauts)
 A = Elapsed time spent in this place.
 B = Non-inter-level travel time spent in this place.
 C = Inter-level travel time spent in this place.
 D = Time resting spent in this place.
 E = Time spent auto-exploring this place.
 F = Levels seen in this place.
 G = Mean time per level.
                   A        B        C        D        E       F      G
               +--------+--------+--------+--------+--------+-----+--------+
         Total |  18959 |  18663 |    296 |  11976 |   4868 |   9 | 2106.6 |
       Dungeon |  18959 |  18663 |    296 |  11976 |   4868 |   9 | 2106.6 |
               +--------+--------+--------+--------+--------+-----+--------+

Top non-repeatable levels by time:
     D:5: 4219 daAuts
     D:6: 2743 daAuts
     D:8: 2494 daAuts
     D:4: 2369 daAuts
     D:1: 2034 daAuts
     D:7: 1933 daAuts
     D:3: 1585 daAuts
     D:2: 1368 daAuts
     D:9: 210 daAuts
